 Dungeon Crawl Stone Soup version 0.18-a0-705-g580043c (webtiles) character file.

67 Duffy the Ruffian (level 4, 36/39 HPs)
             Began as a Minotaur Fighter on Dec 7, 2015.
             Quit the game on level 2 of the Dungeon.
             The game lasted 00:01:28 (1467 turns).

Duffy the Ruffian (Minotaur Fighter)                Turns: 1467, Time: 00:01:28

Health: 36/39      AC:  9    Str: 21    XL:     4   Next: 0%
Magic:  3/3        EV:  5    Int:  5    God:
Gold:   118        SH:  9    Dex: 10    Spells: 0 memorised, 3 levels left

rFire  . . .     SeeInvis .       - Unarmed
rCold  + . .     Clarity  .     i - +0 chain mail
rNeg   . . .     SustAt   .     b - +0 shield
rPois  .         Gourm    .     (helmet restricted)
rElec  .         Spirit   .     (no cloak)
rCorr  .         Dismiss  .     (no gloves)
rMut   .         Stasis   .     (no boots)
MR     .....                    (no amulet)
Stlth  ..........               (no ring)
                                e - ring of protection from cold

@: not resistant to hostile enchantments, extremely unstealthy
A: retaliatory headbutt, horns 2
a: no special abilities


You were on level 2 of the Dungeon.
You were not hungry.

You visited 1 branch of the dungeon, and saw 2 of its levels.

You collected 118 gold pieces.


Innate Abilities, Weirdness & Mutations

You reflexively headbutt those who attack you in melee.
You have a pair of horns on your head.


   Skills:
 - Level 3.6 Fighting
 - Level 3.6 Armour
 - Level 3.6 Shields
 + Level 4.7 Unarmed Combat


You had 3 spell levels left.
You didn't know any spells.

Inventory:

Missiles
 k - 14 poisoned needles
Armour
 a - a +0 scale mail
 b - a +0 shield (worn)
 i - a +0 chain mail (worn)
Jewellery
 e - a ring of protection from cold (left hand)
Scrolls
 f - a scroll of teleportation {unknown}
 l - a scroll of enchant weapon {unknown}
Potions
 c - a potion of might
 g - a potion of agility {unknown}
 h - a potion of haste {unknown}
 j - a potion of cancellation {unknown}
 m - a potion of degeneration {unknown}
Comestibles
 d - a bread ration

Dungeon Overview and Level Annotations

Branches:
Dungeon (2/15)

Altars:


Message History

Found 18 gold pieces.
A worm comes into view.
Found 21 stones.
A worm is nearby!
A worm is nearby!
An ooze comes into view.
The ooze quivers.
The worm bites you but does no damage.
You hit the worm.
The worm is moderately wounded.
The worm barely misses you.
You barely miss the worm.
The worm is moderately wounded.
You punch the worm! You headbutt the worm.
The worm is almost dead.
The ooze hits you. The worm bites you but does no damage.
You hit the worm.
The worm is almost dead.
You block the ooze's attack.
You hit the worm but do no damage.
The worm is almost dead.
The worm bites you but does no damage. You block the ooze's attack.
You hit the worm.
You kill the worm!
You block the ooze's attack.
Your chain mail prevents you from hitting the ooze.
You headbutt the ooze!
The ooze is almost dead.
The ooze hits you but does no damage.
You hit the ooze.
You kill the ooze!
You have reached level 4!
You feel agile.
You now have 118 gold pieces (gained 18).
Are you sure you want to abandon this character and quit the game? (Confirm with "yes".)

#...# #........#
#.## #...#
#........####.##
#...#
#####...............
#####
#.............###.##
#...................
#.........#######$([
#(........#..(((....
#.........#)#####..#
#..@......#.####...#
########...%.......#
#..........##
#..........?#
#.########### #.#
#.# #.#


There were no monsters in sight!

Action                   |  1- 3 |  4- 6 || total
-------------------------+-------+-------++-------
Melee: Unarmed           |   124 |       ||   124
  Eat: Chunk             |     2 |       ||     2

Notes
Turn   | Place    | Note
--------------------------------------------------------------
     0 | D:1      | Duffy the Minotaur Fighter began the quest for the Orb.
     0 | D:1      | Reached XP level 1. HP: 19/19 MP: 0/0
   115 | D:1      | Reached skill level 3 in Unarmed Combat
   116 | D:1      | Reached XP level 2. HP: 26/26 MP: 1/1
   890 | D:2      | Reached XP level 3. HP: 31/31 MP: 2/2
   953 | D:2      | Reached skill level 4 in Unarmed Combat
  1464 | D:2      | Reached XP level 4. HP: 36/39 MP: 3/3
  1467 | D:2      | Quit the game

Vault maps used:
D:1:      dpeg_arrival_more_subterranean_lakeside_camping
D:2:      wad_lake_hut

Vanquished Creatures
  An adder
  An ooze
  A worm
  6 giant cockroaches
  5 hobgoblins
  7 jackals
  8 kobolds
  A ball python
  7 bats
  2 giant newts
  7 goblins
  A rat
47 creatures vanquished.
